 Dungeon Crawl Stone Soup version 0.29-a0-362-g5854e031c7 (webtiles) character file.

Game seed: 14894054741468051698

11356 Morbidden the Destroyer (level 11, 0/159 HPs)
             Began as a Demonspawn Conjurer on Apr 29, 2022.
             Was a High Priest of Hepliaklqana.
             Slain by a two-headed ogre
             ... wielding a +0 giant club
              (1 damage)
             ... on level 11 of the Dungeon.
             The game lasted 00:20:57 (10183 turns).

Morbidden the Destroyer (Demonspawn Conjurer)      Turns: 10183, Time: 00:20:57

Health: 0/159      AC: 29    Str:  8    XL:     11   Next: 48%
Magic:  20/23      EV:  2    Int: 24    God:    Hepliaklqana [*****.]
Gold:   369        SH:  4    Dex: 11    Spells: 20/27 levels left

rFire   . . .      SeeInvis .   a - +2 short sword (speed)
rCold   . . .      Faith    .   (no shield)
rNeg    . . .      Spirit   .   (body armour currently unavailable)
rPois   +          Reflect  .   (helmet currently unavailable)
rElec   .          Harm     .   (cloak currently unavailable)
rCorr   +          Rampage  .   (gloves currently unavailable)
Will    .....      NoTele   +   (boots currently unavailable)
Stlth   ..........              y - amulet of magic regeneration
HPRegen 0.36/turn               l - ring of resist corrosion
MPRegen 0.58/turn               D - ring of wizardry

@: berserking, tree-form, very quick
A: stationary, stasis, torment immunity, boosted hp, reduced essence, (hooves
2), (yellow scales 2), icemail 1, condensation shield
a: Renounce Religion, Recall Ancestor, Ancestor Identity, Transference, Idealise


You were on level 11 of the Dungeon.
You worshipped Hepliaklqana.
Hepliaklqana was extremely pleased with you.
You were a tree.
You visited 1 branch of the dungeon, and saw 11 of its levels.
You also visited: Bailey.

You collected 759 gold pieces.
You spent 390 gold pieces at shops.

Inventory:

Hand Weapons
 a - a +2 short sword of speed (weapon)
 B - a +0 broad axe
 F - a +0 long sword of flaming
Missiles
 j - a throwing net
 E - a curare-tipped dart (quivered)
Armour
 e - a +0 cloak (melded)
 k - a +2 pair of gloves (melded)
 q - the +1 ring mail "Xiote" (melded) {rPois}
   (You found it on level 3 of the Dungeon)

   rPois:     It protects you from poison.
 x - a +0 helmet (melded)
 C - a +3 scale mail
 G - +0 steam dragon scales
Jewellery
 l - a ring of resist corrosion (left branch)
 u - an amulet of the acrobat
 y - an amulet of magic regeneration (around neck)
 D - a ring of wizardry (right branch)
Wands
 o - a wand of acid (23)
 A - a wand of flame (5)
 H - a wand of mindburst (14)
Scrolls
 d - 6 scrolls of identify
 f - 4 scrolls of enchant weapon
 i - 3 scrolls of enchant armour
 w - a scroll of teleportation
 L - a scroll of vulnerability
Potions
 b - 3 potions of magic
 c - 4 potions of curing
 g - a potion of berserk rage
 h - 2 potions of flight {unknown}
 m - 3 potions of brilliance
 n - 2 potions of degeneration
 p - a potion of lignification
 r - 3 potions of attraction {unknown}
 s - 5 potions of might {unknown}
 t - 4 potions of heal wounds {unknown}
 v - a potion of cancellation {unknown}
 z - 2 potions of haste
 M - a potion of mutation {unknown}


   Skills:
 * Level 5.1 Fighting
 + Level 4.7(4.9) Short Blades
 * Level 1.5(3.3) Long Blades
 + Level 2.3 Armour
 * Level 5.2 Dodging
 + Level 3.5 Stealth
 + Level 1.6 Shields
 + Level 0.2 Unarmed Combat
 * Level 8.5 Spellcasting
 * Level 9.7 Conjurations
 * Level 4.5 Translocations
 * Level 6.2 Invocations
 * Level 3.8 Evocations


You had 20 spell levels left.
You knew the following spells:

 Your Spells              Type           Power      Damage    Failure   Level
a - Magic Dart            Conj           100%       1d8       1%          1
b - Searing Ray           Conj           100%       2d8       1%          2
z - Iskenderun's Mystic   Conj/Tloc      44%        2d10      1%          4

Your spell library contained the following spells:

 Spells                   Type           Power      Damage    Failure   Level
 Dazzling Flash           Conj/Hex       66%        N/A       1%          3
 Mephitic Cloud           Conj/Pois/Air  25%        N/A       1%          3
 Sting                    Tmut/Pois      40%        1d5       2%          1
 Fulminant Prism          Conj/Hex       16%        3d11      3%          4
 Passage of Golubria      Tloc           31%        N/A       4%          4
 Ignite Poison            Fire/Tmut/Pois 10%        N/A       8%          3
 Tukima's Dance           Hex            10%        N/A       8%          3
 Freezing Cloud           Conj/Ice/Air   12%        6-21      17%         5
 Yara's Violent Unravell  Hex/Tmut       5%         3d4       52%         5
 Malign Gateway           Summ/Tloc      10%        N/A       100%        7
 Summon Horrible Things   Summ           5%         N/A       100%        8


Dungeon Overview and Level Annotations

Branches:
Dungeon (11/15)            Temple (0/1) D:4             Orc (0/2) D:11
 Bailey (visited)
   Lair: D:8-11

Altars:
Elyvilon
Fedhas
Hepliaklqana

Shops:
D:3 (   D:6 (:*   D:9 !

Portals:
Ice
Cave: D:11

Annotations:
D:11 Lodul


Innate Abilities, Weirdness & Mutations

You are a tree.
Your roots penetrate the ground, keeping you stationary.
You cannot be teleported.
You are immune to unholy pain and torment.
Your maximum health is greatly increased.
Your equipment is partially melded.
Your life essence is reduced to manifest your ancestor. (-10% HP)
((You have hoof-like feet.))
((You are mostly covered in yellow scales. (AC +3)))
A meltable icy envelope protects you from harm. (AC +4)
A meltable shield of frost defends you. (SH +4)


Message History

The ogre is lightly wounded.
Unknown command.
You puncture the ogre!
The ogre is moderately wounded.
The ogre hits you but does no damage.
The two-headed ogre hits your orc with a +0 giant club!!
Your orc dies!
Your orc's corpse dissolves into shadows!
Unknown command.
You puncture the two-headed ogre!
The two-headed ogre is heavily wounded.
The seven-headed hydra closely misses Caliana.
The seven-headed hydra misses Caliana. x2
The seven-headed hydra bites Caliana!
The seven-headed hydra bites Caliana.
The seven-headed hydra bites Caliana!
The seven-headed hydra closely misses Caliana.
You hit the two-headed ogre.
The two-headed ogre is severely wounded.
Caliana casts a spell at the seven-headed hydra.
The puff of frost hits the seven-headed hydra!
Unknown command.
You puncture the two-headed ogre!
The two-headed ogre is severely wounded.
Your orc wizard hits Lodul but does no damage.
Unknown command.
Unknown command.
You hit the two-headed ogre.
The two-headed ogre is almost dead.
The seven-headed hydra bites Caliana!
The seven-headed hydra bites Caliana.
Caliana is destroyed!
The seven-headed hydra barely misses your orc wizard.
The seven-headed hydra bites your orc wizard!
The seven-headed hydra barely misses your orc wizard.
The seven-headed hydra bites your orc wizard!
Your orc wizard dies!
Your orc wizard's corpse dissolves into shadows!
The two-headed ogre hits you with a +0 giant club!!
* * * LOW HITPOINT WARNING * * *
The two-headed ogre hits you with a +0 giant club.
You die...

#....o..oo###
.... #
#^.######D§.#####
....# #...##
#.#§....##....#
####....#
#.###....'....#
.......## ##.#
#.#^..... #
####))## .##.#
#DO.#.....# #.##
...#.#
#.O#.#....#
#).#......#
#.#O∩.#.
#.........
#♣O#.#..#
#.#####.. ##OO#..
... ## #.#
##...##+ # .#
#.#######+
##.....
.###.........
......
.....##......
......#### .###.#
.....
..B.).'..### .#
#..+ ....
......##...< .#
#### ... .....
#####


You could see a boulder beetle, a seven-headed hydra (unaware), Lodul, 4
two-headed ogres and an ogre.

Vanquished Creatures
  2 vault guards (Bailey)
  A two-headed ogre (D:9)
  A troll (D:9)
  A hornet (D:7)
  A yak (D:10)
  A wyvern (D:9)
  3 humans (Bailey)
  A steam dragon (D:8)
  A warg (D:11)
  An acid dragon (D:11)
  2 ice beasts
  5 bullfrogs
  3 kobold brigands
  A necrophage (D:8)
  A scorpion (D:6)
  2 wights (D:8)
  6 killer bees
  A howler monkey (D:9)
  An orc priest (D:3)
  2 hounds (D:6)
  An iguana (D:4)
  Ijyb (D:3)
  Natasha (D:3)
  An orc wizard (D:6)
  13 gnolls
  4 adders
  2 dart slugs
  12 orcs
  6 endoplasms
  A giant cockroach (D:2)
  6 goblins
  4 hobgoblins
  3 quokkas
  4 ball pythons
  3 bats (D:2)
  3 frilled lizards
  42 kobolds
  2 rats (D:2)
146 creatures vanquished.

Vanquished Creatures (collateral kills)
  A two-headed ogre (D:11)
  Pikel (D:8)
  Maggie (D:8)
  A freezing wraith (D:10)
  Grinder (D:4)
  Prince Ribbit (Bailey)
  3 yaks (D:10)
  5 humans (Bailey)
  An acid dragon (D:11)
  3 wargs (D:11)
  2 water moccasins
  2 ice beasts
  4 black bears
  A sky beast (D:7)
  An orc warrior (D:6)
  2 ogres
  3 centaurs
  A kobold brigand (D:3)
  10 bullfrogs
  A gnoll sergeant (D:10)
  A necrophage (D:5)
  2 scorpions
  A wight (D:8)
  5 killer bees
  A hound (D:6)
  Natasha (twice) (D:3)
  An iguana (D:4)
  9 orc wizards
  3 gnolls (D:3)
  A worm (D:4)
  11 orcs
  2 endoplasms
  2 hobgoblins (D:3)
  16 kobolds
102 creatures vanquished.

Vanquished Creatures (others)
  7 battlemagi
7 creatures vanquished.

Grand Total: 255 creatures vanquished

Notes
Turn   | Place    | Note
-------+----------+-------------------------------------------
     0 | D:1      | Morbidden the Demonspawn Conjurer began the quest for the
                  | Orb.
     0 | D:1      | Reached XP level 1. HP: 13/13 MP: 3/3
   565 | D:1      | Gained mutation: You are partially covered in yellow
                  | scales. (AC +2) [demonic ancestry]
   565 | D:1      | Reached XP level 2. HP: 19/19 MP: 0/5
   636 | D:1      | Found a faded altar of an unknown god.
   648 | D:1      | Got Plato's Catalogue of Envenoming
   660 | D:1      | Prayed at the altar of an unknown god.
   660 | D:1      | Became a worshipper of Hepliaklqana the Forgotten
   660 | D:1      | Reached * piety under Hepliaklqana
  1118 | D:2      | Learned a level 2 spell: Searing Ray
  1558 | D:2      | Gained mutation: You have large cloven feet. [demonic
                  | ancestry]
  1558 | D:2      | Reached XP level 3. HP: 21/21 MP: 2/6
  1643 | D:2      | You fall into a shaft and drop 1 floor!
  1786 | D:3      | Found Plog's Weapon Emporium.
  1790 | D:3      | Reached ** piety under Hepliaklqana
  1841 | D:3      | Noticed Natasha
  1853 | D:3      | Killed Natasha
  1854 | D:3      | Reached skill level 5 in Conjurations
  1859 | D:3      | Remembered your ancestor Caliana as a battlemage
  1894 | D:3      | Noticed Natasha
  1897 | D:3      | Killed Natasha
  1898 | D:3      | Reached skill level 1 in Fighting
  1898 | D:3      | Reached XP level 4. HP: 23/28 MP: 7/7
  1956 | D:3      | Noticed a kobold brigand
  1967 | D:3      | Killed a kobold brigand
  1968 | D:3      | Gained mutation: You are mostly covered in yellow scales.
                  | (AC +3) [demonic ancestry]
  1968 | D:3      | Reached XP level 5. HP: 16/33 MP: 8/8
  1969 | D:3      | Reached skill level 1 in Short Blades
  2183 | D:3      | Noticed an ogre
  2186 | D:3      | Killed an ogre
  2370 | D:3      | Gained mutation: A meltable shield of frost defends you.
                  | (SH +4) [demonic ancestry]
  2370 | D:3      | Reached XP level 6. HP: 39/39 MP: 4/10
  2375 | D:3      | Learned a level 4 spell: Iskenderun's Mystic Blast
  2839 | D:3      | Reached skill level 6 in Conjurations
  3042 | D:3      | Noticed Natasha
  3047 | D:3      | Killed Natasha
  3173 | D:3      | Noticed Ijyb
  3177 | D:3      | Killed Ijyb
  3637 | D:3      | Identified the +1 ring mail "Xiote" {rPois}
  3797 | D:4      | Reached XP level 7. HP: 45/45 MP: 4/12
  4008 | D:4      | Noticed Grinder
  4012 | D:4      | Killed Grinder
  4013 | D:4      | Reached skill level 1 in Translocations
  4013 | D:4      | Reached skill level 1 in Invocations
  4744 | D:4      | Reached *** piety under Hepliaklqana
  4924 | D:4      | Found a staircase to the Ecumenical Temple.
  5085 | D:5      | Entered Level 5 of the Dungeon
  5150 | D:5      | Gained mutation: You have hoof-like feet. [demonic
                  | ancestry]
  5150 | D:5      | Reached XP level 8. HP: 51/51 MP: 11/14
  5490 | D:5      | Reached skill level 5 in Spellcasting
  5570 | D:5      | Reached skill level 7 in Conjurations
  5761 | D:6      | Found Ywne's Neck Hole.
  5769 | D:6      | Bought an amulet of magic regeneration for 390 gold pieces
  5920 | D:6      | Found Bazuid's Book Boutique.
  6011 | D:6      | Reached XP level 9. HP: 57/57 MP: 14/17
  6249 | D:6      | Found a blossoming altar of Fedhas.
  6294 | D:6      | Reached **** piety under Hepliaklqana
  6392 | D:6      | Found Noamoe's Antique Weapon Shop.
  6644 | D:7      | Reached skill level 1 in Armour
  6779 | D:7      | Found a flagged portal.
  6785 | Bailey   | Entered a bailey
  6843 | Bailey   | Reached skill level 8 in Conjurations
  6843 | Bailey   | Reached skill level 1 in Evocations
  7345 | Bailey   | Gained mutation: A meltable icy envelope protects you from
                  | harm. (AC +4) [demonic ancestry]
  7345 | Bailey   | Reached XP level 10. HP: 63/63 MP: 17/20
  7345 | Bailey   | Noticed Prince Ribbit
  7350 | Bailey   | Killed Prince Ribbit
  7365 | Bailey   | Noticed a vault guard
  7378 | Bailey   | Killed a vault guard
  7379 | Bailey   | Reached skill level 5 in Invocations
  7434 | Bailey   | Noticed a vault guard
  7519 | Bailey   | Killed a vault guard
  8100 | D:8      | Reached ***** piety under Hepliaklqana
  8184 | D:8      | Reached skill level 9 in Conjurations
  8185 | D:8      | Noticed Pikel
  8192 | D:8      | Killed Pikel
  8193 | D:8      | Reached skill level 1 in Shields
  8212 | D:8      | Noticed Maggie
  8217 | D:8      | Killed Maggie
  8568 | D:9      | Noticed a two-headed ogre
  8573 | D:9      | Killed a two-headed ogre
  8574 | D:9      | Reached XP level 11. HP: 70/70 MP: 15/23
  8846 | D:9      | Reached skill level 5 in Dodging
  9126 | D:9      | Found Xasopyth's Distillery.
  9224 | D:10     | Entered Level 10 of the Dungeon
  9694 | D:10     | Reached skill level 1 in Long Blades
  9878 | D:10     | Noticed a death knight
  9883 | D:10     | Reached skill level 5 in Fighting
  9890 | D:10     | Noticed a skeletal warrior
  9911 | D:11     | Noticed a boulder beetle
  9917 | D:11     | Noticed a boulder beetle
  9996 | D:11     | Found a staircase to the Orcish Mines.
 10155 | D:11     | Noticed a seven-headed hydra
 10164 | D:11     | Noticed a two-headed ogre
 10165 | D:11     | Noticed a two-headed ogre
 10165 | D:11     | Noticed a two-headed ogre
 10165 | D:11     | Noticed Lodul
 10166 | D:11     | Noticed a two-headed ogre
 10167 | D:11     | Found a frozen archway.
 10169 | D:11     | Noticed a two-headed ogre
 10173 | D:11     | Killed a two-headed ogre
 10183 | D:11     | HP: 1/159 [two-headed ogre/+0 giant club (23)]
 10183 | D:11     | Slain by a two-headed ogre

Illustrated notes

Levels and vault maps discovered:
D:1:      dpeg_arrival_long_road, layout_loops_ring,
          shapermc_ecumenical_altar_rom_forum, minmay_octomino_j4
D:2:      layout_loops_ring, hex_tiny, minmay_door_square
D:3:      minmay_goblin_kobold_castle, layout_loops_ring, serial_shops,
          nicolae_shop_bloodbath_and_beyond, kennysheep_cluttered_room,
          uniq_ijyb, uniq_natasha
D:4:      layout_basic, minmay_temple_entry_enclosed_plants, uniq_grinder
D:5:      layout_cave_pools
D:6:      layout_basic, kennysheep_little_box, serial_shops, nicolae_shop_stone,
          shop, nicolae_shop_sticking_my_neck_out
D:7:      layout_rooms, enter_bailey_2
D:8:      layout_rooms, uniq_maggie, uniq_pikel
D:9:      layout_rooms, serial_shops, nicolae_shop_stone
D:10:     layout_grid_maze, lemuel_doored_altar
D:11:     layout_roguey, lair_entry_dummy, minmay_orc_entry_guard_dogs,
          portal_ice_cave_entry_pillars_2, nicolae_straight_to_the_point,
          uniq_lodul, uniq_grum

Skill      XL: |  1  2  3  4  5  6  7  8  9 10 11 |
---------------+----------------------------------+-----
Stealth        | 2 3 |  3.5
Conjurations   | 5 6 7 8 9 |  9.7
Fighting       | 1 2 3 4 5 |  5.1
Dodging        | 2 3 4 5 |  5.2
Short Blades   | 1 2 3 4 |  4.7
Spellcasting   | 3 4 5 7 8 |  8.5
Translocations | 1 2 3 4 |  4.5
Invocations    | 2 3 4 5 6 |  6.2
Armour         | 1 2 |  2.3
Evocations     | 1 3 |  3.8
Shields        | 1 |  1.6
Long Blades    | 1 |  1.5
Unarmed Combat | |  0.2

Action                   |  1- 3 |  4- 6 |  7- 9 | 10-12 || total
-------------------------+-------+-------+-------+-------++-------
Melee: Unarmed           |     4 |       |       |       ||     4
       Short sword       |    24 |     8 |    25 |    58 ||   115
       Dagger            |    11 |       |       |       ||    11
       Kick              |     3 |       |     6 |    16 ||    25
 Cast: Magic Dart        |    44 |    65 |   157 |   127 ||   393
       Searing Ray       |       |     7 |    22 |    25 ||    54
       Iskenderun's Myst |       |       |     1 |    25 ||    26
Invok: Ancestor Identity |     1 |       |     1 |       ||     2
       Recall Ancestor   |     1 |       |       |       ||     1
       Ancestor Life: Ba |     1 |       |       |       ||     1
       Idealise          |       |       |       |     1 ||     1
  Use: Potion            |       |     1 |     3 |     2 ||     6
       Scroll            |       |       |     8 |     9 ||    17
 Stab: Sleeping          |     1 |       |       |       ||     1
       Distracted        |       |       |       |     1 ||     1
Armor: Robe              |    11 |     4 |       |       ||    15
       Ring mail         |       |       |    25 |    22 ||    47
       Skin              |       |       |     3 |     3 ||     6
       Scale mail        |       |       |       |     7 ||     7
Dodge: Dodged            |    23 |     9 |    19 |    32 ||    83
Block: Other             |       |       |    10 |    11 ||    21

Table legend: (Time is in decaauts)
 A = Elapsed time spent in this place.
 B = Non-inter-level travel time spent in this place.
 C = Inter-level travel time spent in this place.
 D = Time resting spent in this place.
 E = Time spent auto-exploring this place.
 F = Levels seen in this place.
 G = Mean time per level.
                   A        B        C        D        E       F      G
               +--------+--------+--------+--------+--------+-----+--------+
         Total |  10151 |   9862 |    289 |    355 |   7741 |  12 |  845.9 |
       Dungeon |   9190 |   8901 |    289 |      7 |   7370 |  11 |  835.5 |
        Bailey |    961 |    961 |      0 |    348 |    371 |   1 |  961.0 |
               +--------+--------+--------+--------+--------+-----+--------+

Top non-repeatable levels by time:
     D:3: 2103 daAuts
     D:4: 1344 daAuts
     D:1: 1104 daAuts
  Bailey: 961 daAuts
     D:6: 795 daAuts
    D:10: 686 daAuts
     D:9: 654 daAuts
     D:5: 650 daAuts
     D:8: 561 daAuts
     D:2: 534 daAuts
     D:7: 492 daAuts
    D:11: 262 daAuts
